UNITED STATES SILVER LEAGUE
CASPER GHOSTS VS NEW AMSTERDAM REPUBLICS
08/16/2014
 
TOP OF THE 1ST
New Amsterdam Republics batting - Pitching for Casper Ghosts : LHP George House
Pitching: LHP George House
Batting: SHB David Pacheco 0-0: Ground out 5-3 (Groundball, 5)
Batting: RHB Rodrigo Luna 0-0: Called Strike
0-1: Swinging Strike
0-2: Ball
1-2: Foul Ball, location: 2F
1-2: Ball
2-2: Ball
3-2: Base on Balls
Batting: RHB Lawrence Bell 0-0: Called Strike
0-1: Called Strike
0-2: Strikes out looking
Batting: RHB Colby Turner 0-0: Fly out, F7 (Flyball, 78S)
Top of the 1st over - 0 run(s), 0 hit(s), 0 error(s), 1 left on base; New Amsterdam 0 - Casper 0
BOTTOM OF THE 1ST
Casper Ghosts batting - Pitching for New Amsterdam Republics : RHP Edwin Wilson
Pitching: RHP Edwin Wilson
Batting: LHB Alfonso López 0-0: Foul Ball, location: 2F
0-1: Called Strike
0-2: Ball
1-2: Foul Ball, location: 2F
1-2: Foul Ball, location: 2F
1-2: Ground out U3 (Groundball, 3S)
Batting: LHB Francisco Mendoza 0-0: Ball
1-0: Swinging Strike
1-1: Ball
2-1: Called Strike
2-2: Ball
3-2: Strikes out swinging
Batting: LHB Mike Silver 0-0: Ball
1-0: Called Strike
1-1: Ball
2-1: Foul Ball, location: 2F
2-2: Ball
3-2: Ground out 4-3 (Groundball, 4)
Bottom of the 1st over - 0 run(s), 0 hit(s), 0 error(s), 0 left on base; New Amsterdam 0 - Casper 0
TOP OF THE 2ND
New Amsterdam Republics batting - Pitching for Casper Ghosts : LHP George House
Batting: RHB Tony Torres 0-0: Ball
1-0: SOLO HOME RUN (Line Drive, 8LXD), Distance : 451 ft
Batting: RHB Raúl Hernández 0-0: Called Strike
0-1: Called Strike
0-2: Ball
1-2: Foul Ball, location: 2F
1-2: Strikes out swinging
Batting: SHB Juan López 0-0: Ball
1-0: Ball
2-0: Called Strike
2-1: Ball
3-1: Called Strike
3-2: Foul Ball, location: 2F
3-2: Foul Ball, location: 2F
3-2: Ground out 6-3 (Groundball, 6M)
Batting: SHB Ludovico Bluemel 0-0: Ball
1-0: Ground out 6-3 (Groundball, 56)
Top of the 2nd over - 1 run(s), 1 hit(s), 0 error(s), 0 left on base; New Amsterdam 1 - Casper 0
BOTTOM OF THE 2ND
Casper Ghosts batting - Pitching for New Amsterdam Republics : RHP Edwin Wilson
Batting: LHB Marcos Zúñiga 0-0: Ball
1-0: Fly out, F4 (Popup, 8RS)
Batting: SHB Juan Sánchez 0-0: Ball
1-0: Ball
2-0: Ball
3-0: Base on Balls
Batting: RHB Luis Rojas 0-0: Ball
1-0: Fly out, F9 (Flyball, 89M)
Batting: RHB Edward Cain 0-0: Ball
1-0: Called Strike
1-1: Fly out, F3 (Popup, 3S)
Bottom of the 2nd over - 0 run(s), 0 hit(s), 0 error(s), 1 left on base; New Amsterdam 1 - Casper 0
TOP OF THE 3RD
New Amsterdam Republics batting - Pitching for Casper Ghosts : LHP George House
Batting: RHB Edwin Wilson 0-0: Swinging Strike
0-1: SINGLE (Groundball, 6MD)
Batting: SHB David Pacheco 0-0: Called Strike
0-1: Swinging Strike
0-2: Foul Ball, location: 2F
0-2: Strikes out swinging
Batting: RHB Rodrigo Luna 0-0: Grounds into double play, 6-4-3 (Groundball, 6)
Top of the 3rd over - 0 run(s), 1 hit(s), 0 error(s), 1 left on base; New Amsterdam 1 - Casper 0
BOTTOM OF THE 3RD
Casper Ghosts batting - Pitching for New Amsterdam Republics : RHP Edwin Wilson
Batting: RHB Owen Cunningham 0-0: Ball
1-0: Fly out, F8 (Flyball, 8LD)
Batting: LHB George House 0-0: Called Strike
0-1: Ground out 3-1 (Groundball, 34S)
Batting: LHB Alfonso López 0-0: Called Strike
0-1: Ball
1-1: Ball
2-1: Ball
3-1: Fly out, F8 (Flyball, 78M)
Bottom of the 3rd over - 0 run(s), 0 hit(s), 0 error(s), 0 left on base; New Amsterdam 1 - Casper 0
TOP OF THE 4TH
New Amsterdam Republics batting - Pitching for Casper Ghosts : LHP George House
Batting: RHB Lawrence Bell 0-0: Called Strike
0-1: Ball
1-1: Swinging Strike
1-2: Ball
2-2: Strikes out swinging
Batting: RHB Colby Turner 0-0: Foul Ball, location: 2F
0-1: Ball
1-1: Swinging Strike
1-2: Fly out, F8 (Flyball, 8RXD)
Batting: RHB Tony Torres 0-0: Called Strike
0-1: Ball
1-1: Called Strike
1-2: Ball
2-2: Ball
3-2: Foul Ball, location: 2F
3-2: Strikes out looking
Top of the 4th over - 0 run(s), 0 hit(s), 0 error(s), 0 left on base; New Amsterdam 1 - Casper 0
BOTTOM OF THE 4TH
Casper Ghosts batting - Pitching for New Amsterdam Republics : RHP Edwin Wilson
Batting: LHB Francisco Mendoza 0-0: Called Strike
0-1: Ball
1-1: Swinging Strike
1-2: Ball
2-2: Strikes out swinging
Batting: LHB Mike Silver 0-0: SINGLE (Line Drive, 6MD)
Batting: LHB Marcos Zúñiga 0-0: Called Strike
0-1: Ball
1-1: Foul Ball, location: 2F
1-2: Strikes out swinging
Batting: SHB Juan Sánchez 0-0: Called Strike
Mike Silver steals 2nd base
0-1: Ball
1-1: Called Strike
1-2: Ball
2-2: Fly out, F9 (Popup, 4D)
Bottom of the 4th over - 0 run(s), 1 hit(s), 0 error(s), 1 left on base; New Amsterdam 1 - Casper 0
TOP OF THE 5TH
New Amsterdam Republics batting - Pitching for Casper Ghosts : LHP George House
Batting: RHB Raúl Hernández 0-0: Ball
1-0: Called Strike
1-1: Ball
2-1: Called Strike
2-2: Fly out, F9 (Flyball, 9M)
Batting: SHB Juan López 0-0: Called Strike
0-1: Called Strike
0-2: Ball
1-2: Fly out, F6 (Popup, 6)
Batting: SHB Ludovico Bluemel 0-0: Called Strike
0-1: SINGLE (Groundball, 34D)
Batting: RHB Edwin Wilson 0-0: Ground out 5-3 (Groundball, 5L)
Top of the 5th over - 0 run(s), 1 hit(s), 0 error(s), 1 left on base; New Amsterdam 1 - Casper 0
BOTTOM OF THE 5TH
Casper Ghosts batting - Pitching for New Amsterdam Republics : RHP Edwin Wilson
Batting: RHB Luis Rojas 0-0: Ball
1-0: Called Strike
1-1: Swinging Strike
1-2: SINGLE (Groundball, 56D)
Batting: RHB Edward Cain 0-0: 2-RUN HOME RUN (Flyball, 7LD), Distance : 371 ft
Batting: RHB Owen Cunningham 0-0: Ball
1-0: Ball
2-0: Ball
3-0: Called Strike
3-1: Base on Balls
Batting: LHB George House 0-0: Sac Bunt - play at first, batter OUT! 1-4
Owen Cunningham to second
Batting: LHB Alfonso López 0-0: Ball
1-0: Called Strike
1-1: Called Strike
1-2: Fly out, F8 (Popup, 4MD)
Batting: LHB Francisco Mendoza 0-0: Ground out 4-3 (Groundball, 4M)
Bottom of the 5th over - 2 run(s), 2 hit(s), 0 error(s), 1 left on base; New Amsterdam 1 - Casper 2
TOP OF THE 6TH
New Amsterdam Republics batting - Pitching for Casper Ghosts : LHP George House
Batting: SHB David Pacheco 0-0: Ball
1-0: Foul Ball, location: 2F
1-1: Ball
2-1: Ground out 1-3 (Groundball, 15)
Batting: RHB Rodrigo Luna 0-0: Called Strike
0-1: Ball
1-1: Ball
2-1: Foul Ball, location: 2F
2-2: Foul Ball, location: 2F
2-2: Ground out 4-3 (Groundball, 4)
Batting: RHB Lawrence Bell 0-0: Called Strike
0-1: Fly out, F8 (Flyball, 8RM)
Top of the 6th over - 0 run(s), 0 hit(s), 0 error(s), 0 left on base; New Amsterdam 1 - Casper 2
BOTTOM OF THE 6TH
Casper Ghosts batting - Pitching for New Amsterdam Republics : RHP Edwin Wilson
Batting: LHB Mike Silver 0-0: Ball
1-0: Foul Ball, location: 2F
1-1: Fly out, F4 (Popup, 8LS)
Batting: LHB Marcos Zúñiga 0-0: Ball
1-0: Ball
2-0: Called Strike
2-1: Foul Ball, location: 2F
2-2: Ground out 6-3 (Groundball, 6M)
Batting: SHB Juan Sánchez 0-0: Ball
1-0: Ground out 4-3 (Groundball, 4)
Bottom of the 6th over - 0 run(s), 0 hit(s), 0 error(s), 0 left on base; New Amsterdam 1 - Casper 2
TOP OF THE 7TH
New Amsterdam Republics batting - Pitching for Casper Ghosts : LHP George House
Batting: RHB Colby Turner 0-0: Ball
1-0: Called Strike
1-1: Ball
2-1: Ground out 5-3 (Groundball, 56)
Batting: RHB Tony Torres 0-0: Ground out 1-3 (Groundball, 15S)
Batting: RHB Raúl Hernández 0-0: Swinging Strike
0-1: Called Strike
0-2: Foul Ball, location: 2F
0-2: Ball
1-2: Ground out 6-3 (Groundball, 6)
Top of the 7th over - 0 run(s), 0 hit(s), 0 error(s), 0 left on base; New Amsterdam 1 - Casper 2
BOTTOM OF THE 7TH
Casper Ghosts batting - Pitching for New Amsterdam Republics : RHP Edwin Wilson
Batting: RHB Luis Rojas 0-0: Called Strike
0-1: Ball
1-1: Fly out, F8 (Flyball, 8RM)
Batting: RHB Edward Cain 0-0: Ball
1-0: Ball
2-0: Called Strike
2-1: SINGLE (Groundball, 56)
Batting: RHB Kip Jones 0-0: Called Strike
0-1: Called Strike
0-2: Ball
1-2: Strikes out swinging
Batting: LHB George House 0-0: Ball
1-0: Fly out, F7 (Flyball, 78S)
Bottom of the 7th over - 0 run(s), 1 hit(s), 0 error(s), 1 left on base; New Amsterdam 1 - Casper 2
TOP OF THE 8TH
New Amsterdam Republics batting - Pitching for Casper Ghosts : LHP George House
Now at 1B: Dan Negrón
Now at SS: Kip Jones
Batting: SHB Juan López 0-0: Ball
1-0: Ball
2-0: Ball
3-0: Called Strike
3-1: Foul Ball, location: 2F
3-2: Base on Balls
Pinch Hitting: LHB Steve Ingram 0-0: Ball
1-0: Sac Bunt - play at first, batter OUT! 1-4
Juan López to second
Pinch Hitting: RHB Chip Teague 0-0: Ground out 6-3 (Groundball, 6)
Juan López to third
Batting: SHB David Pacheco 0-0: Ground out 1-3 (Groundball, 15)
Top of the 8th over - 0 run(s), 0 hit(s), 0 error(s), 1 left on base; New Amsterdam 1 - Casper 2
BOTTOM OF THE 8TH
Casper Ghosts batting - Pitching for New Amsterdam Republics : RHP Edwin Wilson
Pitching: RHP Wynn Burton
Now in CF: Steve Ingram
Batting: LHB Alfonso López 0-0: Ball
1-0: Fly out, F7 (Flyball, 7LDF)
Batting: LHB Francisco Mendoza 0-0: Called Strike
0-1: Swinging Strike
0-2: Ball
1-2: Ball
2-2: Strikes out swinging
Batting: LHB Dan Negrón 0-0: Foul Ball, location: 2F
0-1: Called Strike
0-2: Fly out, F9 (Line Drive, 9S)
Bottom of the 8th over - 0 run(s), 0 hit(s), 0 error(s), 0 left on base; New Amsterdam 1 - Casper 2
TOP OF THE 9TH
New Amsterdam Republics batting - Pitching for Casper Ghosts : LHP George House
Pitching: LHP Juan García
Batting: RHB Rodrigo Luna 0-0: Ball
1-0: DOUBLE (Line Drive, 89M)
Batting: RHB Lawrence Bell 0-0: Ball
1-0: Foul Ball, location: 2F
1-1: DOUBLE (Line Drive, 89XD)
Rodrigo Luna scores
Batting: RHB Colby Turner 0-0: Intentional Walk
Batting: RHB Tony Torres 0-0: Ball
1-0: Ball
2-0: Ball
3-0: Called Strike
3-1: Base on Balls
Lawrence Bell to third
Colby Turner to second
Batting: RHB Raúl Hernández 0-0: Grounds into double play, 4-2-3 (Groundball, 4)
Colby Turner to third
Tony Torres to second
Batting: SHB Juan López 0-0: Ball
1-0: Ground out 4-3 (Groundball, 4M)
Top of the 9th over - 1 run(s), 2 hit(s), 0 error(s), 2 left on base; New Amsterdam 2 - Casper 2
BOTTOM OF THE 9TH
Casper Ghosts batting - Pitching for New Amsterdam Republics : RHP Wynn Burton
Pitching: RHP Ji-hoon Park
Now at 2B: Juan Benítez
Batting: LHB Marcos Zúñiga 0-0: Called Strike
0-1: Called Strike
0-2: Foul Ball, location: 2F
0-2: Ball
1-2: DOUBLE (Line Drive, 78D)
Batting: SHB Juan Sánchez 0-0: Ball
1-0: SINGLE (Line Drive, 6)
Marcos Zúñiga to third
Runner from 3rd tries for Home, SAFE, no throw or cutoff
This league is powered by Out of the Park Baseball, the baseball management simulation game for PC, Mac and Linux
Thursday, April 24th, 2014 - OOTP Baseball 14.6 Build 33